 Dungeon Crawl Stone Soup version 0.27-a0-1139-g28e009f8a6 (webtiles) character file.

Game seed: 3923374424245827487

56 DasRunzen the Caller (level 3, 0/29 HPs)
             Began as a Demigod Wanderer on May 7, 2021.
             Slain by an orc wizard
             ... wielding a +0 dagger
              (1 damage)
             ... on level 2 of the Dungeon.
             The game lasted 00:04:17 (1935 turns).

DasRunzen the Caller (Demigod Wanderer)             Turns: 1935, Time: 00:04:17

Health: 0/29       AC:  3    Str: 17    XL:     3   Next: 47%
Magic:  7/7        EV: 11    Int: 15    God:
Gold:   53         SH:  0    Dex: 12    Spells: 1/4 levels left

rFire    + . .     SeeInvis .   a - +1 hand axe (venom)
rCold    + . .     Faith    .   (no shield)
rNeg     . . .     Spirit   .   d - +0 robe
rPois    .         Reflect  +   (no helmet)
rElec    .         Harm     .   b - scarf {rC+ rF+}
rCorr    .         Rampage  .   (no gloves)
Will     .....                  l - +0 pair of boots
Stlth    +.........             h - amulet of reflection
HPRegen  0.09/turn              (no ring)
MPRegen  0.10/turn              (no ring)

@: confused
A: high mp 1, forlorn
a: no special abilities


You were on level 2 of the Dungeon.
You visited 1 branch of the dungeon, and saw 2 of its levels.

You collected 53 gold pieces.

Inventory:

Hand Weapons
 a - a +1 hand axe of venom (weapon)
Armour
 b - a scarf of resistance (worn)
 d - a +0 robe (worn)
 l - a +0 pair of boots (worn)
Jewellery
 h - an amulet of reflection (around neck)
Scrolls
 e - a scroll of teleportation
Potions
 c - 2 potions of curing
 f - a potion of heal wounds
 i - a potion of lignification {unknown}
 m - a potion of mutation {unknown}


   Skills:
 + Level 2.2 Fighting
 + Level 0.9 Axes
 + Level 1.3 Armour
 + Level 0.6 Dodging
 - Level 1.0 Stealth
 + Level 1.1 Shields
 + Level 1.3 Spellcasting
 + Level 3.2 Summonings
 - Level 1.0 Ice Magic


You had one spell level left.
You knew the following spells:

 Your Spells              Type           Power      Damage    Failure   Level
a - Summon Small Mammal   Summ           40%        N/A       6%          1
b - Call Imp              Summ           10%        N/A       10%         2

Your spell library contained the following spells:

 Spells                   Type           Power      Damage    Failure   Level
 Call Canine Familiar     Summ           10%        N/A       19%         3
 Summon Guardian Golem    Hex/Summ       5%         N/A       36%         3
 Summon Ice Beast         Ice/Summ       7%         N/A       69%         4
 Summon Lightning Spire   Summ/Air       5%         N/A       77%         4


Dungeon Overview and Level Annotations

Branches:
Dungeon (2/15)

Shops:
D:1 (


Innate Abilities, Weirdness & Mutations

Your attributes grow dramatically as you level up.
You have an increased reservoir of magic. (+10% MP)
You shall have no god before yourself.


Message History

The worm bites you!
* * * LOW HITPOINT WARNING * * *
You hit the worm.
You kill the worm!
You see here a scarf of resistance.
b - a scarf of resistance You start putting on your armour.
You continue putting on your scarf of resistance. x4
You finish putting on your scarf of resistance.
You feel resistant to extremes of temperature.
You start resting.
HP restored.
Okay, then.
You see here a jackal skeleton.
An orc wizard is nearby!
No target in view!
No target in view!
Unknown command.
No target in view!
An orc wizard is nearby!
The orc priest shouts!
The orc wizard shouts!
The orc shouts!
The orc wizard gestures at you while chanting.
The magic dart hits you.
The orc priest calls down the wrath of Beogh upon you.
Beogh smites you!
You are too injured to fight recklessly!
You hit the orc wizard but do no damage.
You hit the orc.
The orc is poisoned.
The orc hits you with a +0 short sword.
* * * LOW HITPOINT WARNING * * *
The orc wizard hits you but does no damage.
The orc hits you with a +0 short sword.
* * * LOW HITPOINT WARNING * * *
Unknown command.
You miss the orc wizard. You closely miss the orc.
The orc wizard casts a spell at you.
You are confused.
The orc hits you with a +0 short sword.
* * * LOW HITPOINT WARNING * * *
The orc wizard hits you with a +0 dagger.
You die...

#.......# #...#... ##.....##
###.#.#.########## #.......#
#....<............ #.......#
#.>....##......... #.......#
#..).o####........ ##.....##
#.....# #........ ###....##
#..o[## #####.### ..÷.####
#oo..# #.##
.###############@...#########..#
..............................†#
################################


You could see an orc priest, an orc wizard and 2 orcs.

Vanquished Creatures
  An adder (D:2)
  A worm (D:2)
  2 dart slugs
  2 ball pythons
  2 bats (D:1)
  3 endoplasms
  A giant cockroach (D:1)
  2 goblins (D:1)
  2 hobgoblins (D:1)
  11 jackals
  A quokka (D:1)
  A frilled lizard (D:1)
  A kobold (D:1)
  2 rats (D:1)
32 creatures vanquished.

Vanquished Creatures (collateral kills)
  An endoplasm (D:1)
  A goblin (D:2)
  A kobold (D:1)
3 creatures vanquished.

Grand Total: 35 creatures vanquished

Notes
Turn   | Place    | Note
-------+----------+-------------------------------------------
     0 | D:1      | DasRunzen the Demigod Wanderer began the quest for the Orb.
     0 | D:1      | DasRunzen set off with the following items: a +0 hand axe,
                  | a potion of curing, a +0 robe; and the following spell
                  | memorised: Summon Small Mammal; and the following spells
                  | available to memorise: Call Imp, Call Canine Familiar,
                  | Summon Guardian Golem, Summon Ice Beast, Summon Lightning
                  | Spire
     0 | D:1      | Reached XP level 1. HP: 17/17 MP: 4/4
   513 | D:1      | Reached skill level 3 in Summonings
   517 | D:1      | Reached XP level 2. HP: 20/24 MP: 6/6
   525 | D:1      | Learned a level 2 spell: Call Imp
  1237 | D:1      | Found Ulyogomi's Antique Weapon Shop.
  1271 | D:1      | You fall into a shaft and drop 1 floor!
  1284 | D:2      | Reached XP level 3. HP: 19/29 MP: 4/7
  1935 | D:2      | HP: 1/29 [orc/+0 short sword (2)]
  1935 | D:2      | Slain by an orc wizard

Illustrated notes

Levels and vault maps discovered:
D:1:      enne_arrival_octagon_isle, layout_basic, serial_shops, shop,
          ebering_ecumenical_altar_hall, kennysheep_small_spiral,
          minmay_misc_feat_columns, solitary_fountain
D:2:      layout_rooms, minmay_cut_off, uniq_jessica

Skill      XL: |  1  2 |
---------------+-------+-----
Summonings     | 3 |  3.2
Fighting       | 2 |  2.2
Axes           | |  0.9
Armour         | |  1.3
Dodging        | |  0.6
Stealth        | |  1.0
Shields        | |  1.1
Spellcasting   | |  1.3
Ice Magic      | |  1.0

Action                   || total
-------------------------++-------
Melee: Hand axe          ||   103
 Cast: Summon Small Mamm ||     4
       Call Imp          ||     2
  Use: Scroll            ||     5
 Stab: Sleeping          ||     1
Armor: Robe              ||    27
Dodge: Dodged            ||    62
Block: Other             ||    17

Table legend: (Time is in decaauts)
 A = Elapsed time spent in this place.
 B = Non-inter-level travel time spent in this place.
 C = Inter-level travel time spent in this place.
 D = Time resting spent in this place.
 E = Time spent auto-exploring this place.
 F = Levels seen in this place.
 G = Mean time per level.
                   A        B        C        D        E       F      G
               +--------+--------+--------+--------+--------+-----+--------+
         Total |   1965 |   1962 |      3 |    472 |   1176 |   2 |  982.5 |
       Dungeon |   1965 |   1962 |      3 |    472 |   1176 |   2 |  982.5 |
               +--------+--------+--------+--------+--------+-----+--------+

Top non-repeatable levels by time:
     D:1: 1572 daAuts
     D:2: 392 daAuts
